 Dungeon Crawl Stone Soup version 0.27-a0-1273-gec92ba881d (console) character file.

Game seed: 6466532369247637976

6 jejorda2 the Slasher (level 1, -2/18 HPs)
             Began as a Merfolk Berserker on June 11, 2021.
             Was a Follower of Trog.
             Succumbed to a goblin's poison
             ... on level 1 of the Dungeon.
             The game lasted 00:00:19 (170 turns).

jejorda2 the Slasher (Merfolk Berserker)             Turns: 170, Time: 00:00:20

Health: -2/18      AC:  2    Str: 17    XL:     1   Next: 90%
Magic:  1/1        EV: 12    Int:  6    God:    Trog [*.....]
Gold:   0          SH:  0    Dex: 13    Spells: 0/0 levels left

rFire    . . .     SeeInvis .   a - +0 falchion
rCold    . . .     Faith    .   (no shield)
rNeg     . . .     Spirit   .   b - +0 animal skin
rPois    .         Reflect  .   (no helmet)
rElec    .         Harm     .   (no cloak)
rCorr    .         Rampage  .   (no gloves)
Will     .....                  (no boots)
Stlth    +.........             (no amulet)
HPRegen  0.06/turn              (no ring)
MPRegen  0.07/turn              (no ring)

@: lethally poisoned (-2 -> -25)
A: (nimble swimmer 2), mertail
a: Renounce Religion, Berserk


You were on level 1 of the Dungeon.
You worshipped Trog.
Trog was aware of your devotion.
You visited 1 branch of the dungeon, and saw 1 of its levels.

Inventory:

Hand Weapons
 a - a +0 falchion (weapon)
Armour
 b - a +0 animal skin (worn)
Scrolls
 c - a scroll of vulnerability {unknown}
Potions
 d - a potion of attraction {unknown}


   Skills:
 + Level 3.4 Fighting
 * Level 3.5 Long Blades
 + Level 1.5 Armour
 - Level 2.6 Dodging


You couldn't memorise any spells.
You didn't know any spells.
Your spell library was empty.

Dungeon Overview and Level Annotations

Branches:
Dungeon (1/15)

Altars:


Innate Abilities, Weirdness & Mutations

((You are quick and stealthy near water. (Stealth+, EV+, Speed+++)))
Your lower body shifts to a powerful aquatic tail in water.


Message History

The hobgoblin is severely wounded.
The bat closely misses you.
You slash the hobgoblin!
You kill the hobgoblin!
Trog accepts your kill. The bat closely misses you. x2
You closely miss the bat. The bat closely misses you.
You hit the bat.
You kill the bat!
Trog accepts your kill.
No target in view!
No target in view!
Found 26 bolts.
d - a fizzy emerald potion A goblin comes into view.
It is wielding a +0 dagger of venom.
The goblin shouts!
A frilled lizard comes into view.
A hobgoblin comes into view.
You completely miss the goblin. The goblin barely misses you.
You slash the hobgoblin!
You kill the hobgoblin!
Trog accepts your kill. The goblin barely misses you.
You barely miss the goblin.
The goblin hits you with a +0 dagger of venom.
You are poisoned.
The goblin closely misses you.
You riposte.
You closely miss the goblin. You closely miss the goblin.
You feel very sick.
The frilled lizard unfolds its giant frill.
The goblin hits you with a +0 dagger of venom.
You are lethally poisoned!
You closely miss the goblin.
You feel very sick.
The goblin hits you with a +0 dagger of venom.
* * * LOW HITPOINT WARNING * * *
You are more poisoned.
You are too injured to fight recklessly!
You are too injured to fight recklessly!
Unknown command.
You die...

♣.. #....#.
#.....##...... ##♣.♣.
.♣....#♣.♣# ###.... ..
.##...... ...♣.♣.♣
##...♣.♣. ..l...##
#........ ###†g.♣
♣.##..†.♣.♣. #...#
#...........
#..#@######......♣.♣.
#.. #.#...............
...###.#.#...###.......
............###
##...... ...P........#
####... ##.PP.......#
... #.PPP♣.(....# #. #
♣♣♣......# P.......#


You could see a goblin and a frilled lizard.

Vanquished Creatures
  A bat (D:1)
  2 hobgoblins (D:1)
  A ball python (D:1)
  2 rats (D:1)
6 creatures vanquished.

Notes
Turn   | Place    | Note
-------+----------+-------------------------------------------
     0 | D:1      | jejorda2 the Merfolk Berserker began the quest for the Orb.
     0 | D:1      | Reached XP level 1. HP: 18/18 MP: 1/1
   170 | D:1      | Succumbed to a goblin's poison

Illustrated notes

Levels and vault maps discovered:
D:1:      zelgadis_glass_arrival_small, layout_rooms, serial_forest,
          infiniplex_forest_lined_4_way, infiniplex_forest_diagonal,
          infiniplex_forest_lined_4_way, infiniplex_forest_lined_2,
          infiniplex_forest_clump_small

Action                   || total
-------------------------++-------
Melee: Falchion          ||    15
Armor: Animal skin       ||     1
Dodge: Dodged            ||    11
       Rpst.: Falchion   ||     3

Table legend: (Time is in decaauts)
 A = Elapsed time spent in this place.
 B = Non-inter-level travel time spent in this place.
 C = Inter-level travel time spent in this place.
 D = Time resting spent in this place.
 E = Time spent auto-exploring this place.
 F = Levels seen in this place.
 G = Mean time per level.
                   A        B        C        D        E       F      G
               +--------+--------+--------+--------+--------+-----+--------+
         Total |    172 |    172 |      0 |      0 |    140 |   1 |  172.0 |
       Dungeon |    172 |    172 |      0 |      0 |    140 |   1 |  172.0 |
               +--------+--------+--------+--------+--------+-----+--------+

Top non-repeatable levels by time:
     D:1: 172 daAuts
